 Dungeon Crawl Stone Soup version 0.27.1-34-g3ba077fa99 (webtiles) character file.

Game seed: 9864081756571026756

46 multipassport the Conjurer (level 3, 15/15 HPs)
             Began as a Felid Conjurer on Jan 15, 2022.
             Was an Initiate of Gozag.
             Quit the game on level 3 of the Dungeon.
             The game lasted 00:10:57 (2930 turns).

multipassport the Conjurer (Felid Conjurer)         Turns: 2930, Time: 00:10:57

Health: 15/15      AC:  1    Str:  3    XL:     3   Next: 44%
Magic:  8/8        EV: 18    Int: 20    God:    Gozag
Gold:   273        SH:  0    Dex: 14    Spells: 4/7 levels left
                                        Lives:  0   Deaths: 1

rFire    . . .     SeeInvis +   (weapon unavailable)
rCold    . . .     Faith    .   (shield unavailable)
rNeg     . . .     Spirit   .   (armour unavailable)
rPois    .         Reflect  .   (helmet unavailable)
rElec    .         Harm     .   (cloak unavailable)
rCorr    .         Rampage  .   (gloves unavailable)
Will     .....                  (boots unavailable)
Stlth    ++........             (no amulet)
HPRegen  0.05/turn              (no ring)
MPRegen  0.11/turn              (no ring)

@: quick
A: very small, claws 1, fangs 3, see invisible, speed 1, shaggy fur 1, stealthy
paws, no weapons or thrown items, no armour, multi-lived
a: Renounce Religion, Potion Petition, Call Merchant, Bribe Branch


You were on level 3 of the Dungeon.
You worshipped Gozag.
Gozag was aware of your devotion.
You visited 1 branch of the dungeon, and saw 3 of its levels.

You collected 273 gold pieces.

Inventory:

Scrolls
 a - 2 scrolls of identify {unknown}
Potions
 b - a potion of degeneration {unknown}
 c - 2 potions of curing {unknown}
 d - a potion of experience {unknown}
 e - 2 potions of flight {unknown}
 f - a potion of might {unknown}


   Skills:
 + Level 1.4 Fighting
 + Level 3.8 Dodging
 + Level 3.3 Stealth
 + Level 2.7 Spellcasting
 + Level 4.1 Conjurations


You had 4 spell levels left.
You knew the following spells:

 Your Spells              Type           Power      Damage    Failure   Level
a - Magic Dart            Conj           76%        1d6       2%          1
b - Searing Ray           Conj           38%        3d4       4%          2

Your spell library contained the following spells:

 Spells                   Type           Power      Damage    Failure   Level
 Dazzling Flash           Conj/Hex       22%        N/A       19%         3
 Fulminant Prism          Conj/Hex       5%         3d7       52%         4
 Iskenderun's Mystic Bla  Conj/Tloc      11%        2d4       52%         4


Dungeon Overview and Level Annotations

Branches:
Dungeon (3/15)

Altars:
Gozag

Annotations:
D:3 Ijyb


Innate Abilities, Weirdness & Mutations

You have sharp claws.
You have razor-sharp teeth.
You have supernaturally acute eyesight. (SInv)
You cover ground quickly. (Speed+)
You are covered in fur. (AC +1)
Your paws help you pounce on unaware monsters.
You are incapable of wielding weapons or throwing items.
You cannot wear armour.
You gain extra lives every three experience levels.


Message History

You scratch Ijyb but do no damage. Ijyb misses you.
You closely miss Ijyb.
Ijyb screams, "It's all mine!"
Ijyb closely misses you.
You barely miss Ijyb. Ijyb hits you with a +0 club.
You scratch Ijyb but do no damage. Ijyb hits you with a +0 club.
You scratch Ijyb but do no damage. Ijyb misses you.
You scratch Ijyb. Your bite misses Ijyb.
Ijyb is lightly wounded.
Ijyb hits you with a +0 club.
You scratch Ijyb but do no damage.
Ijyb is lightly wounded.
Ijyb barely misses you.
You closely miss Ijyb.
Ijyb is lightly wounded.
Ijyb barely misses you.
You closely miss Ijyb.
Ijyb is lightly wounded.
Ijyb closely misses you.
You scratch Ijyb but do no damage.
Ijyb is lightly wounded.
Ijyb screams, "It's all mine!"
Ijyb barely misses you.
You scratch Ijyb but do no damage.
Ijyb is lightly wounded.
Ijyb hits you with a +0 club.
You die...
You are now level 3!
You rejoin the land of the living...
Saving game... please wait.
Level annotation: Ijyb Welcome back, multipassport the Felid Conjurer.
Gozag says: Greed is good.
Press ? for a list of commands and other information.
Unknown command.
Unknown command.
Press: ? - help, v - describe, . - travel The floor.
Unknown command.
Are you sure you want to abandon this character and quit the game? (Confirm with "yes".)

...#......)..#
.............####
......)..........
..................
...#...<....######
#####.......#
#.....#.###
####......######
##.##....@..#####
#.####.###.....# ##
#.. #.#
#####.#########. ##.
##.# ##............
.
...###..###.#######
.......####...#
............#.#####
...###..###.#.....##
##.# #..####..##


There were no monsters in sight!

Vanquished Creatures
  Crazy Yiuf (D:2)
  Robin (D:3)
  A dart slug (D:3)
  8 ball pythons
  7 bats
  4 endoplasms (D:1)
  10 goblins
  2 hobgoblins (D:3)
  12 jackals
  A quokka (D:1)
  A frilled lizard (D:2)
  4 rats
52 creatures vanquished.

Vanquished Creatures (others)
  2 plants (D:1)
  3 withered plants (D:1)
5 creatures vanquished.

Grand Total: 57 creatures vanquished

Notes
Turn   | Place    | Note
-------+----------+-------------------------------------------
     0 | D:1      | multipassport the Felid Conjurer began the quest for the
                  | Orb.
     0 | D:1      | Reached XP level 1. HP: 7/7 MP: 4/4
   204 | D:1      | Reached XP level 2. HP: 10/11 MP: 4/6
   230 | D:1      | Learned a level 2 spell: Searing Ray
   897 | D:1      | Reached XP level 3. HP: 15/15 MP: 5/7
  1071 | D:1      | Found a faded altar of an unknown god.
  1079 | D:1      | Became a worshipper of Gozag Ym Sagoz the Greedy
  1685 | D:2      | Found a runed translucent door.
  1686 | D:2      | Noticed Crazy Yiuf
  1693 | D:2      | Killed Crazy Yiuf
  1694 | D:2      | Reached skill level 1 in Fighting
  1694 | D:2      | Reached skill level 4 in Conjurations
  2205 | D:2      | Reached XP level 4. HP: 19/19 MP: 5/8
  2398 | D:3      | Noticed Robin
  2450 | D:3      | Killed Robin
  2712 | D:3      | Noticed Ijyb
  2929 | D:3      | Slain by Ijyb
  2930 | D:3      | Reached XP level 3. HP: 0/15 MP: 7/8
  2930 | D:3      | Quit the game

Illustrated notes

Levels and vault maps discovered:
D:1:      scummos_arrival_star, layout_basic,
          shapermc_ecumenical_altar_flowoftime, chequers_serial_rivers_micro_c,
          item_on_display_a
D:2:      layout_loops_ring, uniq_crazy_yiuf_cottage
D:3:      layout_rooms, uniq_jessica, uniq_ijyb, uniq_robin

Skill      XL: |  1  2  3 |
---------------+----------+-----
Dodging        | 3 |  3.8
Fighting       | 1 |  1.4
Stealth        | 3 |  3.3
Conjurations   | 4 |  4.1
Spellcasting   | |  2.7

Action                   |  1- 3 |  4- 6 || total
-------------------------+-------+-------++-------
Melee: Unarmed           |    38 |    32 ||    70
       Bite              |     2 |     1 ||     3
 Cast: Magic Dart        |    50 |    28 ||    78
       Searing Ray       |     5 |     3 ||     8
 Stab: Sleeping          |     1 |       ||     1
Armor: Skin              |     2 |     5 ||     7
Dodge: Dodged            |    22 |    44 ||    66
